[Event "Early-Titled-Tuesday-Blitz-March-12-2024"]
[Site "Chess.com"]
[Date "2024.03.12"]
[Round "2"]
[White "JaackCamel"]
[Black "ajedrezsinlimites"]
[Result "0-1"]
[WhiteElo "2179"]
[BlackElo "2508"]
[TimeControl "180+1"]
[EndTime "8:16:14 PDT"]
[Termination "ajedrezsinlimites won on time"]

1. d4 Nf6 2. c4 e6 3. Nc3 Bb4 4. Qc2 O-O 5. a3 Bxc3+ 6. Qxc3 b6 7.
Nf3 Bb7 8. Bg5 h6 9. Bh4 d6 10. e3 a5 11. Bd3 a4 12. e4 g5 13. Nxg5 hxg5 14. Bxg5 Nd5 15. cxd5 Qxg5 16. O-O exd5 17. Qxc7 Ba6 18. Rad1 dxe4 19. Bxe4 d5 20. f4 Qd8 21.
Qe5 Bxf1 22. Bxd5 Nd7 23. Qf5 Qf6 24. Qxd7 Be2 25. Rd2 Rad8 26. Qb7 Qxf4 27. Rxe2 Qxd4+ 28. Kf1 Rxd5 0-1

[Event "Early-Titled-Tuesday-Blitz-March-12-2024"]
[Site "Chess.com"]
[Date "2024.03.12"]
[Round "2"]
[White "FaustinoOro"]
[Black "karinachess1"]
[Result "1-0"]
[WhiteElo "2906"]
[BlackElo "2604"]
[TimeControl "180+1"]
[EndTime "8:16:26 PDT"]
[Termination "FaustinoOro won on time"]

1. Nf3 Nf6 2. d4 e6 3. c4 d5 4. e3 Be7 5. Nc3 O-O 6. Bd3 b6 7. O-O c5 8. cxd5 exd5 9. b3 Nc6 10. dxc5 bxc5 11. Bb2 d4 12. exd4 cxd4 13. Nb5 Bg4 14. Be2 Bc5 15. Rc1 Qb6 16. Qc2 Nd7 17. Ng5 f5 18.
Bxg4 Qxb5 19. Bxf5 d3 20. Bxd3 Bxf2+ 21. Rxf2 Qxg5 22.
Qxc6 Rxf2 23. Qxa8+ Rf8 24. Qe4 Nf6 25. Qe5 1-0

[Event "Early-Titled-Tuesday-Blitz-March-12-2024"]
[Site "Chess.com"]
[Date "2024.03.12"]
[Round "2"]
[White "FlemingA"]
[Black "kassablanca"]
[Result "0-1"]
[WhiteElo "2422"]
[BlackElo "2772"]
[TimeControl "180+1"]
[EndTime "8:16:27 PDT"]
[Termination "kassablanca won by resignation"]

1. e4 c6 2. d4 d5 3. e5 Bf5 4.
Bd3 Bxd3 5. Qxd3 e6 6. Ne2 Ne7 7. O-O Nd7 8. a4 c5 9. Nbc3 a6 10. f4 g6 11. Qh3 h5 12. Be3 Nf5 13. Bf2 Qc7 14. a5 cxd4 15. Nxd4 Bc5 16. Nxf5 gxf5 17.
Qh4 Be7 18. Qh3 h4 19. Na4 Qxc2 20. Qe3 h3 21. g3 Qe4 22. Qxe4 fxe4 23. Bd4 Rc8 24.
Rfc1 O-O 25. Nb6 Nxb6 26. Bxb6 Bb4 27. Kf2 Bd2 28. Rc5 Rxc5 29. Bxc5 Rc8 30. b4 Bc3 31. Rc1 Bxb4 32. Bxb4 0-1

[Event "Early-Titled-Tuesday-Blitz-March-12-2024"]
[Site "Chess.com"]
[Date "2024.03.12"]
[Round "2"]
[White "rikchessmx"]
[Black "bazar-wokzal"]
[Result "0-1"]
[WhiteElo "2299"]
[BlackElo "2549"]
[TimeControl "180+1"]
[EndTime "8:16:28 PDT"]
[Termination "bazar-wokzal won by resignation"]

1. e4 Nc6 2. Nc3 Nf6 3. Nf3 d5 4. exd5 Nxd5 5. Bc4 Be6 6. Bb3 Nf4 7. O-O Bxb3 8. axb3 Ne6 9. d3 Ned4 10. Nxd4 Nxd4 11. Ne2 e6 12. Nxd4 Qxd4 13. c3 Qd5 14. Be3 Be7 15. c4 Qd7 16. d4 O-O 17. Qf3 c6 18. Rfd1 Rfd8 19. Rd3 a6 20. Rad1 Bf6 21. d5 cxd5 22.
cxd5 exd5 23. Rxd5 Qc6 24. Rxd8+ Rxd8 25. Rxd8+ Bxd8 26. Qxc6 bxc6 27. Bd4 f6 28. Kf1 Kf7 29. Ke2 Ke6 30.
Kd3 Kd5 31. f3 g6 32. g4 f5 33. h3 Bc7 34. Ke3 Be5 35. Bxe5 Kxe5 36. f4+ Kd5 37. g5 Kc5 38. Kd3 Kb4 39. Kd4 a5 40. Ke5 Kxb3 41.
Kf6 Kxb2 42. Kg7 a4 43. Kxh7 a3 44. Kxg6 a2 45. Kf7 a1=Q 46. g6 Qa2+ 47. Kf8 Qa3+ 48. Kf7 Qb3+ 49. Kf8 Qb4+ 50. Kf7 Qc4+ 51. Kf8 Qc5+ 52.
Kf7 Qd5+ 53. Kf8 Qd6+ 54. Kf7 Qxf4 55. g7 Qc7+ 56. Kf8 Qd8+ 57. Kf7 f4 58. g8=Q Qxg8+ 59. Kxg8 f3 60. h4 f2 61. h5 f1=Q 62. h6 Qg2+ 63. Kf7 Qf3+ 64. Kg7 Qg4+ 65. Kh7 Qg5 66. Kh8 Qxh6+ 0-1

[Event "Early-Titled-Tuesday-Blitz-March-12-2024"]
[Site "Chess.com"]
[Date "2024.03.12"]
[Round "2"]
[White "GilbertoHernandezAmura"]
[Black "KuzubovYuriy"]
[Result "0-1"]
[WhiteElo "2466"]
[BlackElo "2900"]
[TimeControl "180+1"]
[EndTime "8:16:29 PDT"]
[Termination "KuzubovYuriy won on time"]

1. d4 g6 2. h4 Nf6 3. Bg5 d5 4. Nc3 Nbd7 5. e3 h6 6. Bf4 a6 7. g4 b5 8. a3 Bb7 9. Bg2 Nb6 10. Be5 Rg8 11. Bxf6 exf6 12. Nge2 Bd6 13. Nc1 Qe7 14. Nd3 c6 15. Qe2 O-O-O 16. a4 Kb8 17. axb5 axb5 18. Nb1 f5 19. Nd2 fxg4 20. Qxg4 f5 21.
Qe2 Rde8 22. Kd1 Kc7 23. Bf3 Ra8 24. Rc1 Nc4 25. Nxc4 dxc4 26. Ne1 g5 27. hxg5 hxg5 28. Rg1 g4 29. Bh1 Rh8 30. Bg2 Rh2 31. c3 Bc8 32. Nc2 Ra2 33. Ne1 f4 34. exf4 Qxe2+ 35. Kxe2 Bxf4 36.
Rc2 Bf5 0-1

[Event "Early-Titled-Tuesday-Blitz-March-12-2024"]
[Site "Chess.com"]
[Date "2024.03.12"]
[Round "2"]
[White "mikheeva86"]
[Black "crazy_m_attack"]
[Result "1-0"]
[WhiteElo "2193"]
[BlackElo "2473"]
[TimeControl "180+1"]
[EndTime "8:16:34 PDT"]
[Termination "mikheeva86 won by checkmate"]

1. e4 e5 2. Nf3 Nc6 3. Bc4 Nf6 4. d4 exd4 5. O-O Nxe4 6. Re1 d5 7. Bxd5 Qxd5 8.
Nc3 Qd7 9. Nxe4 Be7 10. Bg5 O-O 11.
Bxe7 Qxe7 12. Nxd4 Bd7 13. Nb3 Rad8 14. Qh5 Rfe8 15.
Re3 h6 16. Nec5 Qf8 17. Rxe8 Bxe8 18. Nxb7 Rb8 19. N7c5 a5 20. a4 Rd8 21. Nd3 f5 22. Qf3 Nd4 23. Nxd4 Rxd4 24. b3 Qd6 25. Qxf5 Bg6 26.
Qc8+ Kh7 27. h3 Be4 28. Re1 Qg6 29. Nf4 Qf5 30. Qxc7 Bxc2 31. Ne6 Rd1 32. Qxg7# 1-0

[Event "Early-Titled-Tuesday-Blitz-March-12-2024"]
[Site "Chess.com"]
[Date "2024.03.12"]
[Round "2"]
[White "koncheto"]
[Black "Maluco_do_Natal_00"]
[Result "1-0"]
[WhiteElo "2475"]
[BlackElo "1980"]
[TimeControl "180+1"]
[EndTime "8:16:35 PDT"]
[Termination "koncheto won on time"]

1. e4 c5 2. Nf3 Nc6 3. d4 cxd4 4. Nxd4 Nf6 5. Nc3 e5 6. Ndb5 d6 7. Bg5 a6 8. Na3 b5 9. Nd5 Be7 10. Bxf6 Bxf6 11. c3 O-O 12. Nc2 Bg5 13. h4 Bh6 14.
g3 Ne7 15. Nce3 Bxe3 16. Nxe3 Be6 17. Bg2 Rc8 18. O-O Kh8 19. Qd3 Bc4 20. Nxc4 bxc4 21. Qd2 Qb6 22. Rfd1 Rcd8 23. b4 f5 24. exf5 Nxf5 25.
Qg5 h6 26. Qg4 Rf6 27. Rd2 Ne3 28. Qe4 Nxg2 29. Kxg2 Rdf8 30. Rf1 a5 31. a3 axb4 32. axb4 Rf3 33. Qxc4 Qb7 34. Kg1 Qb6 35. Kg2 Qb7 36. Qd5 Qb6 37. Qxf3 1-0

[Event "Early-Titled-Tuesday-Blitz-March-12-2024"]
[Site "Chess.com"]
[Date "2024.03.12"]
[Round "2"]
[White "AccioChess"]
[Black "GMSrinath"]
[Result "0-1"]
[WhiteElo "2422"]
[BlackElo "2788"]
[TimeControl "180+1"]
[EndTime "8:16:40 PDT"]
[Termination "GMSrinath won by checkmate"]

1. e4 c5 2. Nf3 d6 3. d4 cxd4 4. Nxd4 Nf6 5. Nc3 Nc6 6. Bg5 e6 7. Qd2 a6 8. O-O-O Be7 9. f4 Bd7 10. Nf3 b5 11. Bxf6 gxf6 12. f5 Qb6 13. fxe6 fxe6 14.
Ne2 O-O-O 15. Nf4 Kb8 16. g3 Rhe8 17. Kb1 Ne5 18. Nd4 Bf8 19. Nh5 Ng4 20. Bh3 Bh6 21. Qe2 Ne3 22. Rd3 f5 23. Nf6 Re7 24. Nxd7+ Rdxd7 25. exf5 exf5 26. Qh5 Bg7 27. Nxf5 Nxf5 28.
Qxf5 Rc7 29. Qxh7 Qc6 30. Rdd1 Bxb2 31. Qg8+ Re8 32. Qd5 Qxc2# 0-1

[Event "Early-Titled-Tuesday-Blitz-March-12-2024"]
[Site "Chess.com"]
[Date "2024.03.12"]
[Round "2"]
[White "Aisen1011"]
[Black "Carlos-Godoy"]
[Result "1-0"]
[WhiteElo "2482"]
[BlackElo "2041"]
[TimeControl "180+1"]
[EndTime "8:16:42 PDT"]
[Termination "Aisen1011 won by resignation"]

1. d4 Nf6 2. c4 c5 3. d5 b5 4. Nf3 bxc4 5. Nc3 g6 6. e4 d6 7. Bxc4 Bg7 8. O-O O-O 9. e5 dxe5 10.
Nxe5 Bb7 11. Qb3 Qb6 12. Na4 Qxb3 13. Bxb3 Nbd7 14. Nxd7 Nxd7 15. Be3 Rac8 16. Rac1 Nb6 17. Nxc5 Bxd5 18. Bxd5 Nxd5 19. Nd7 Nxe3 20. Nxf8 Rd8 21. fxe3 Bxb2 22. Rcd1 Rxf8 23. Rd7 a5 24. Rxe7 a4 25. e4 a3 26. e5 Bd4+ 27. Kh1 Bc5 28. Rc7 Bd4 29.
e6 fxe6 30. Rxf8+ Kxf8 31. Rxh7 Bg7 32. g4 Kg8 33. Rh3 Bb2 34. Rb3 e5 35. Kg2 Kf7 36.
Kf3 Kf6 37. Ke4 Kg5 38. h4+ Kxg4 39. Rb6 Kh5 40. Kf3 g5 41. hxg5 Kxg5 42. Ke4 Kg4 43. Rg6+ Kh5 44. Rg8 Kh6 45. Kf5 Kh7 46. Rg3 Ba1 47.
Rxa3 1-0

[Event "Early-Titled-Tuesday-Blitz-March-12-2024"]
[Site "Chess.com"]
[Date "2024.03.12"]
[Round "2"]
[White "nindjaxx8"]
[Black "HansOnTwitch"]
[Result "0-1"]
[WhiteElo "2710"]
[BlackElo "3102"]
[TimeControl "180+1"]
[EndTime "8:16:43 PDT"]
[Termination "HansOnTwitch won by checkmate"]

1. d4 Nf6 2. c4 e6 3. Nc3 Bb4 4. Qc2 d5 5. cxd5 exd5 6. Bg5 h6 7. Bxf6 Qxf6 8. e3 O-O 9. Nf3 c6 10. Bd3 Bd6 11. h3 Nd7 12. O-O Qd8 13. Rfe1 Nf6 14.
e4 dxe4 15. Nxe4 Be6 16. Rad1 Re8 17. a3 Bd5 18. Nxd6 Qxd6 19. Ne5 Rad8 20. Re2 Be6 21. Bf5 Nd5 22. Bxe6 Rxe6 23. Rde1 Rde8 24. Nf3 Nf4 25.
Rxe6 Nxe6 26. Qb3 Re7 27. Qc3 Rd7 28. Re4 Qd5 29. Qe3 Rd8 30. g3 Qb5 31. b4 a5 32.
Re5 Rd5 33. Rxd5 Qxd5 34. bxa5 Qxa5 35. Qb3 b6 36. Kg2 Qa7 37. h4 b5 38. Qc3 Qd7 39.
Qb4 Qd5 40. Qc3 g5 41. hxg5 hxg5 42. Kf1 g4 43. Ne5 Nxd4 44. Nxg4 Qh1# 0-1

[Event "Early-Titled-Tuesday-Blitz-March-12-2024"]
[Site "Chess.com"]
[Date "2024.03.12"]
[Round "2"]
[White "LeRoidesChampions"]
[Black "Nitzan_Steinberg"]
[Result "1/2-1/2"]
[WhiteElo "2622"]
[BlackElo "2902"]
[TimeControl "180+1"]
[EndTime "8:16:44 PDT"]
[Termination "Game drawn by repetition"]

1. e4 c5 2. Nf3 d6 3. d4 cxd4 4. Nxd4 Nf6 5. Nc3 g6 6. f4 Bg7 7.
e5 Nh5 8. Bb5+ Bd7 9. e6 Bxb5 10.
exf7+ Kxf7 11. Ndxb5 Nf6 12. O-O Qb6+ 13. Kh1 a6 14.
Nd4 Nc6 15. Be3 Qxb2 16. Qd3 Rac8 17. Qc4+ d5 18. Nxd5 Nxd4 19. Nc7+ Kf8 20. Bxd4 Rxc7 21. Qxc7 Qxd4 22. Rad1 Qb4 23. c3 Qa3 24. Rfe1 Kf7 25.
Qc4+ Kf8 26. Rd8+ Ne8 27. Rxe8+ Kxe8 28. Qc8+ Kf7 29. Qe6+ Kf8 30. Qc8+ Kf7 31. Qe6+ Kf8 32. Qc8+ Kf7 1/2-1/2

[Event "Early-Titled-Tuesday-Blitz-March-12-2024"]
[Site "Chess.com"]
[Date "2024.03.12"]
[Round "2"]
[White "KhazhatulyAlikhan"]
[Black "ChessQueen"]
[Result "0-1"]
[WhiteElo "2447"]
[BlackElo "2760"]
[TimeControl "180+1"]
[EndTime "8:16:44 PDT"]
[Termination "ChessQueen won by resignation"]

1. e4 c6 2. d4 d5 3. Nd2 dxe4 4. Nxe4 Nf6 5. Nxf6+ exf6 6. Nf3 Bd6 7. Bd3 O-O 8. O-O Nd7 9. Be3 Re8 10. Re1 Nf8 11.
c4 Ng6 12. Bxg6 hxg6 13. h3 Be6 14. b3 g5 15. Qd3 Qd7 16. Rad1 Bf5 17. Qf1 Bb4 18.
Bd2 a5 19. Rxe8+ Rxe8 20. Bxb4 axb4 21. Re1 Re4 22. Re3 Rxe3 23. fxe3 Be4 24. Nd2 Bg6 25. Qe1 g4 26. h4 Qd6 27. c5 Qe7 28. Nc4 Qe4 29.
Qxb4 g3 30. Qe1 Qxh4 31. Qd1 Qh2+ 32. Kf1 Qh1+ 33. Ke2 Bh5+ 0-1

[Event "Early-Titled-Tuesday-Blitz-March-12-2024"]
[Site "Chess.com"]
[Date "2024.03.12"]
[Round "2"]
[White "kidagent"]
[Black "electrosaw"]
[Result "0-1"]
[WhiteElo "2306"]
[BlackElo "2550"]
[TimeControl "180+1"]
[EndTime "8:16:45 PDT"]
[Termination "electrosaw won by resignation"]

1. e4 c5 2. Nf3 b6 3. d4 cxd4 4. Nxd4 Bb7 5. Nc3 a6 6. Be3 e6 7. Be2 d6 8. O-O Nf6 9. Bf3 Qc7 10. Re1 Nbd7 11. g3 Ne5 12. Bg2 Nc4 13. Bc1 Be7 14. b3 Ne5 15. Bb2 h5 16. f4 Ned7 17. f5 e5 18. Nf3 b5 19. Nd5 Nxd5 20. exd5 Nf6 21.
Nxe5 dxe5 22. Bxe5 Qb6+ 23. Bd4 Qd6 24. c4 O-O 25. c5 Qd8 26. d6 Bxd6 27. cxd6 Bxg2 28. Kxg2 Qxd6 29. Be5 Qc6+ 30. Qf3 Nd5 31. Rac1 Qd7 32.
Red1 Rfd8 33. Qxh5 Ne3+ 34. Kh3 Nxd1 35. Rc7 Nf2+ 36.
Kg2 Qd5+ 37. Kxf2 Qd2+ 38. Kf3 Qd1+ 0-1

[Event "Early-Titled-Tuesday-Blitz-March-12-2024"]
[Site "Chess.com"]
[Date "2024.03.12"]
[Round "2"]
[White "PattyCastillo"]
[Black "ChessSwole"]
[Result "0-1"]
[WhiteElo "2083"]
[BlackElo "2732"]
[TimeControl "180+1"]
[EndTime "8:16:46 PDT"]
[Termination "ChessSwole won by resignation"]

1. d4 Nf6 2. Nf3 d5 3. e3 Bf5 4. c4 e6 5. Qb3 Nc6 6. c5 Rb8 7. Nc3 Be7 8. Bb5 O-O 9. O-O Na5 10. Qd1 c6 11. Bd3 Bxd3 12. Qxd3 b6 13. b4 Nc4 14. e4 bxc5 15. bxc5 Qa5 16. e5 Nd7 17. Bg5 Qd8 18. h4 h6 19. Bxe7 Qxe7 20. Rfb1 f6 21.
exf6 Qxf6 22. Rxb8 Rxb8 23. Re1 e5 24. dxe5 Ndxe5 25.
Nxe5 Nxe5 26. Qe3 Ng4 27. Qe6+ Qxe6 28. Rxe6 d4 29. Re4 dxc3 30. Rxg4 c2 31. Rc4 Rb1+ 0-1

[Event "Early-Titled-Tuesday-Blitz-March-12-2024"]
[Site "Chess.com"]
[Date "2024.03.12"]
[Round "2"]
[White "IwkooO"]
[Black "sergoy"]
[Result "0-1"]
[WhiteElo "2684"]
[BlackElo "3005"]
[TimeControl "180+1"]
[EndTime "8:16:47 PDT"]
[Termination "sergoy won by resignation"]

1. e4 c5 2. Nf3 d6 3. Bb5+ Nd7 4. c4 Nf6 5. Nc3 a6 6. Bxd7+ Bxd7 7. d4 cxd4 8. Nxd4 g6 9. O-O Rc8 10. b3 b5 11. Bb2 bxc4 12. Qe2 Bg7 13. bxc4 O-O 14. Rfc1 Qb6 15. Nb3 Qb4 16. Nd5 Nxd5 17. Bxg7 Nf4 18. Qe3 Kxg7 19. Qxf4 Rxc4 20. Rxc4 Qxc4 21. Rc1 Qe2 22. h4 Qxa2 23. Qe3 Qb2 24. Rc7 Rb8 25. Nd4 Rb7 26. Rc2 Qb4 27. h5 a5 28. e5 dxe5 29.
Qxe5+ f6 30. Qe3 e5 31. h6+ Kf7 32. Nf3 Qf4 33. Qe1 Bf5 34. Rc1 Qxc1 35. Qxc1 Rb1 36. Qxb1 Bxb1 37. Nd2 Bc2 38. Nc4 a4 39. Na3 Bd3 40.
f3 f5 41. Kf2 e4 42. Ke3 g5 0-1

[Event "Early-Titled-Tuesday-Blitz-March-12-2024"]
[Site "Chess.com"]
[Date "2024.03.12"]
[Round "2"]
[White "ASKA538"]
[Black "Alexchess1984"]
[Result "1-0"]
[WhiteElo "2262"]
[BlackElo "2740"]
[TimeControl "180+1"]
[EndTime "8:16:51 PDT"]
[Termination "ASKA538 won on time"]

1. e4 c5 2. d4 cxd4 3. c3 dxc3 4. Nxc3 e6 5. Bc4 a6 6. Nf3 Bb4 7. O-O Ne7 8. Bg5 h6 9. Bh4 Bxc3 10.
bxc3 Nbc6 11. Qd6 b5 12. Bd5 Ra7 13. Rad1 Qc7 14. Qa3 Ng6 15. Bg3 e5 16. h4 b4 17.
cxb4 O-O 18. Rc1 Nf4 19. Rfd1 Ne2+ 20. Kh2 Nxc1 21. Rxc1 Qd6 22. Qe3 Ra8 23. a3 Qg6 24. Rc5 Bb7 25. Nxe5 Nxe5 26. Bxe5 Bxd5 27. Rxd5 Rfe8 28.
Qd4 Qg4 29. g3 d6 30. Bf4 Rac8 31.
Rxd6 Rc2 32. Kg2 Re2 33. e5 Re4 34. Qxe4 1-0

[Event "Early-Titled-Tuesday-Blitz-March-12-2024"]
[Site "Chess.com"]
[Date "2024.03.12"]
[Round "2"]
[White "LileKoridze"]
[Black "Kirill_Klukin"]
[Result "0-1"]
[WhiteElo "2441"]
[BlackElo "2814"]
[TimeControl "180+1"]
[EndTime "8:16:54 PDT"]
[Termination "Kirill_Klukin won by resignation"]

1. d4 e6 2. c4 f5 3. Nf3 Nf6 4. g3 c6 5. Bg2 d5 6. O-O Bd6 7. Nbd2 O-O 8. Qc2 Qe7 9. b3 b6 10.
Bb2 Bb7 11. Ne5 a5 12. f3 Nbd7 13. Nxd7 Qxd7 14. e4 fxe4 15. fxe4 Ng4 16. Qd3 Bb4 17. Nf3 dxc4 18. bxc4 a4 19. a3 Be7 20. h3 Nh6 21. d5 cxd5 22. cxd5 Ba6 23. Qc3 Bc5+ 24. Kh1 Bxf1 25. Rxf1 exd5 26. exd5 Rae8 27. Kh2 Re3 28. Qc4 Qd6 29. Qxa4 Re2 30. Ba1 Nf5 31. Qg4 Rxg2+ 0-1

[Event "Early-Titled-Tuesday-Blitz-March-12-2024"]
[Site "Chess.com"]
[Date "2024.03.12"]
[Round "2"]
[White "Alexander_Moskalenko"]
[Black "SilverSwords13"]
[Result "0-1"]
[WhiteElo "2867"]
[BlackElo "2482"]
[TimeControl "180+1"]
[EndTime "8:16:55 PDT"]
[Termination "SilverSwords13 won by checkmate"]

1. b3 d5 2. Bb2 c5 3. e3 a6 4. c4 e6 5. Nf3 Nc6 6. cxd5 exd5 7. d4 Nf6 8. Bd3 Be7 9. dxc5 Bxc5 10. O-O O-O 11. Nc3 Bg4 12. Ne2 Bxf3 13. gxf3 Re8 14. Rc1 Bb6 15. Bb1 Rc8 16. Qd3 g6 17. f4 Ne4 18.
Ng3 Nxf2 19. Kxf2 Rxe3 20. Qxe3 Bxe3+ 21. Kxe3 d4+ 22. Kf3 d3 23. Rcd1 Qd5+ 24. Kf2 Nb4 25. Rfe1 Nc2 26. Re5 Qd6 27. Ne4 Qb6+ 28. Kg3 Qe3+ 29.
Kg2 Qe2+ 30. Nf2 Ne3+ 31. Kg3 Nxd1 32. Bxd3 Qxf2+ 33. Kg4 Qg2+ 34. Kh4 Qxh2+ 35. Kg5 h6+ 36. Kf6 Qxf4+ 37. Ke7 Qb4+ 38. Kd7 Qf8 39. Ba3 Qd8# 0-1

[Event "Early-Titled-Tuesday-Blitz-March-12-2024"]
[Site "Chess.com"]
[Date "2024.03.12"]
[Round "2"]
[White "eCztery"]
[Black "Blitzstream"]
[Result "0-1"]
[WhiteElo "2461"]
[BlackElo "2799"]
[TimeControl "180+1"]
[EndTime "8:16:57 PDT"]
[Termination "Blitzstream won by resignation"]

1. e4 c5 2. Nf3 d6 3. d4 cxd4 4. Qxd4 Nf6 5. Bg5 Nc6 6. Bb5 Bd7 7. Bxc6 bxc6 8. c4 e5 9. Qd3 Be7 10. Bxf6 gxf6 11. O-O O-O 12. Nh4 Kh8 13. Nc3 Rg8 14. Rad1 Qb6 15. Ne2 Rg4 16. Nf5 Bxf5 17. exf5 Rag8 18.
Ng3 Qxb2 19. Qf3 Qxa2 20. Ra1 Qxc4 21. Rxa7 Bf8 22. h3 R4g5 23. Rc7 Qd4 24. Kh2 c5 25. Rxf7 d5 26. Rd1 Qc4 27. Rxd5 e4 28. Nxe4 Rxg2+ 29. Qxg2 Rxg2+ 30. Kxg2 Qxe4+ 0-1

[Event "Early-Titled-Tuesday-Blitz-March-12-2024"]
[Site "Chess.com"]
[Date "2024.03.12"]
[Round "2"]
[White "bolwin"]
[Black "StankovicIvan"]
[Result "0-1"]
[WhiteElo "2236"]
[BlackElo "2524"]
[TimeControl "180+1"]
[EndTime "8:16:58 PDT"]
[Termination "StankovicIvan won by resignation"]

1. Nf3 g6 2. c4 Bg7 3. d4 d6 4. Nc3 Nd7 5. e4 e5 6. Be2 Ne7 7. O-O O-O 8. Re1 h6 9. h3 f5 10. exf5 Nxf5 11. dxe5 dxe5 12. Nd5 c6 13. Ne3 Nd4 14. Ng4 h5 15. Nh6+ Kh8 16. Nxd4 exd4 17. Bd3 Ne5 18. Rxe5 Bxe5 19. Bxg6 Qf6 20. Nf7+ Rxf7 21.
Bxf7 Qxf7 22. Bg5 Bf5 23. Qe2 Re8 24. Re1 Bh2+ 25. Kxh2 Rxe2 26. Rxe2 Qxc4 27. Re7 Kg8 28. Bf6 d3 29. Bc3 Qf4+ 30. Kg1 d2 31. Re8+ Kf7 32. Rd8 Be4 33. Bxd2 Qf5 34. Rb8 Qd7 35. Be3 Qd1+ 36. Kh2 Qd6+ 37. Bf4 Qxf4+ 0-1

[Event "Early-Titled-Tuesday-Blitz-March-12-2024"]
[Site "Chess.com"]
[Date "2024.03.12"]
[Round "2"]
[White "Grieve72"]
[Black "Misterfox120"]
[Result "1-0"]
[WhiteElo "2722"]
[BlackElo "2417"]
[TimeControl "180+1"]
[EndTime "8:16:59 PDT"]
[Termination "Grieve72 won by resignation"]

1. d4 d5 2. e3 Nf6 3. a3 Bf5 4. Nf3 c6 5. Bd3 Bxd3 6. Qxd3 e6 7. O-O Be7 8. c4 O-O 9. Nc3 Nbd7 10. e4 dxe4 11.
Nxe4 c5 12. Rd1 cxd4 13. Nxd4 Nc5 14. Nxc5 Bxc5 15. Be3 Qe7 16. b4 Bb6 17. c5 Bc7 18. Nb5 Rad8 19. Qe2 a6 20. Nxc7 Qxc7 21. Qf3 Rd5 22.
Rxd5 Nxd5 23. Bd4 Rd8 24. Rd1 g6 25. g3 Rd7 26. Bb2 Qd8 27. h4 f6 28. Re1 e5 29. h5 Kg7 30. Rd1 Ne7 31. h6+ Kf7 32. Rxd7 Qxd7 33. Bxe5 Qd5 34. Qxf6+ Ke8 35. Bd6 Nc6 36.
Qh8+ Kd7 37. Qxh7+ Kc8 38. Qh8+ Kd7 39. Qg7+ Kc8 40.
h7 1-0

[Event "Early-Titled-Tuesday-Blitz-March-12-2024"]
[Site "Chess.com"]
[Date "2024.03.12"]
[Round "2"]
[White "Practical-Play"]
[Black "kushagramohan"]
[Result "0-1"]
[WhiteElo "2443"]
[BlackElo "2780"]
[TimeControl "180+1"]
[EndTime "8:17:00 PDT"]
[Termination "kushagramohan won on time"]

1. e4 e5 2. Nf3 Nc6 3. Nc3 Nf6 4. Bb5 Nd4 5. Bc4 d6 6. Ng5 Ne6 7. Nxe6 Bxe6 8. Bxe6 fxe6 9. d3 Be7 10. O-O O-O 11.
Ne2 d5 12. f4 dxe4 13. fxe5 exd3 14. cxd3 Nd5 15. Bd2 Qd7 16. Qb3 Bc5+ 17. Kh1 Bb6 18. Ng3 h6 19. Ne4 Qe7 20. a4 Rxf1+ 21. Rxf1 Rf8 22.
Qd1 Bd4 23. h3 Bxe5 24. Nf2 Bxb2 25. Qe2 Bd4 26. Ng4 Rxf1+ 27. Qxf1 Qf7 28. Qe2 Qf5 29. Bxh6 Nc3 30. Qe1 Kh7 31. Be3 c5 32. Bd2 Qxd3 33. Qh4+ Kg6 34. Qg5+ Kf7 35. Qf4+ Ke8 36. Qb8+ Kd7 37.
Qxb7+ Kd6 38. Bf4+ e5 39. Qb8+ Kd5 40. Bxe5 Qd1+ 41.
Kh2 Qg1+ 42. Kg3 Qe1+ 43. Kf4 Qe4+ 44. Kg5 Bxe5 0-1

[Event "Early-Titled-Tuesday-Blitz-March-12-2024"]
[Site "Chess.com"]
[Date "2024.03.12"]
[Round "2"]
[White "PIwan"]
[Black "AlexPapasimakopoulos"]
[Result "0-1"]
[WhiteElo "2411"]
[BlackElo "2712"]
[TimeControl "180+1"]
[EndTime "8:17:02 PDT"]
[Termination "AlexPapasimakopoulos won by resignation"]

1. c4 e6 2. Nc3 d5 3. d4 a6 4.
cxd5 exd5 5. Nf3 c6 6. Bg5 Be7 7. Qd2 h6 8. Bxe7 Nxe7 9. e3 Bf5 10. Be2 Nd7 11. O-O O-O 12. b4 b5 13. a4 Nb6 14. a5 Nc4 15. Bxc4 dxc4 16. e4 Bg4 17. Ne5 Be6 18. Rad1 f6 19. Nf3 Bg4 20. Qf4 Bxf3 21.
Qxf3 Qd6 22. Na2 Rad8 23. Rfe1 Rd7 24. Qe3 Rfd8 25. Rd2 Ng6 26. g3 Nf8 27. Red1 Qe7 28. f4 Re8 29. Re1 Red8 30. f5 Nh7 31.
h4 Nf8 32. Kh1 Rd6 33. g4 Qd7 34. Red1 Qb7 35. Nc3 Re8 36. Kh2 Qe7 37. Re2 Rd7 38. Rg2 Qxb4 39. g5 Qd6+ 40. Kh1 hxg5 41. hxg5 fxg5 42.
Rxg5 Qh6+ 43. Kg2 Nh7 44. Rg3 Qxe3 45. Rxe3 Nf6 46. e5 Nd5 47. Rg3 Nxc3 48. Rxc3 Rxe5 49. dxe5 Rxd1 50. Kf3 c5 51. Ke4 Rd4+ 52. Kf3 Rd3+ 53.
Rxd3 cxd3 54. Ke3 c4 0-1

[Event "Early-Titled-Tuesday-Blitz-March-12-2024"]
[Site "Chess.com"]
[Date "2024.03.12"]
[Round "2"]
[White "Baronessa08"]
[Black "norwaytoadog"]
[Result "0-1"]
[WhiteElo "2545"]
[BlackElo "2334"]
[TimeControl "180+1"]
[EndTime "8:17:02 PDT"]
[Termination "norwaytoadog won by resignation"]

1. Nf3 Nf6 2. c4 e6 3. Nc3 Bb4 4. Qc2 O-O 5. e3 b6 6. b3 Bb7 7.
Bb2 d5 8. cxd5 exd5 9. Nb5 Na6 10. Rc1 c6 11. Nbd4 c5 12. Nf5 g6 13. Nh6+ Kg7 14. a3 Kxh6 15. axb4 Nxb4 16. Qc3 d4 17. exd4 Nfd5 18. Qc4 Ba6 19. Qxa6 Nxa6 20. Bxa6 Re8+ 21. Kd1 Nb4 22. Bb5 Qd5 23. Bxe8 Qxb3+ 24. Ke2 Rxe8+ 25.
Ne5 Qxb2 26. Rc3 cxd4 27. Rh3+ Kg7 28. f4 f6 0-1

[Event "Early-Titled-Tuesday-Blitz-March-12-2024"]
[Site "Chess.com"]
[Date "2024.03.12"]
[Round "2"]
[White "BestStelker"]
[Black "Jospem"]
[Result "0-1"]
[WhiteElo "2711"]
[BlackElo "3116"]
[TimeControl "180+1"]
[EndTime "8:17:03 PDT"]
[Termination "Jospem won on time"]

1. Nf3 c5 2. c4 Nc6 3. Nc3 g6 4. e3 Bg7 5. d4 d6 6. d5 Na5 7.
Bd2 Nf6 8. e4 Bg4 9. Be2 Bxf3 10. gxf3 O-O 11. h4 e6 12. h5 Nxh5 13. f4 Nf6 14.
dxe6 fxe6 15. e5 Ne8 16. Bg4 Qe7 17. Qe2 Nc6 18. exd6 Nxd6 19. Bxe6+ Kh8 20. Nd5 Qd8 21. O-O-O Nd4 22. Qg4 Qe8 23. Rxh7+ Kxh7 24. Rh1+ Bh6 25. f5 N6xf5 26. Bxh6 Qxe6 27. Bxf8+ Kg8 28. Bxc5 Rc8 29. Bxd4 Rxc4+ 30. Kb1 Rxd4 31. Qh3 Rh4 32. Qf3 Nd4 33. Qg2 Qf5+ 0-1

[Event "Early-Titled-Tuesday-Blitz-March-12-2024"]
[Site "Chess.com"]
[Date "2024.03.12"]
[Round "2"]
[White "killer_dreams"]
[Black "AlessiaSanteramo"]
[Result "1-0"]
[WhiteElo "2528"]
[BlackElo "2246"]
[TimeControl "180+1"]
[EndTime "8:17:03 PDT"]
[Termination "killer_dreams won on time"]

1. e4 e5 2. Nf3 Nc6 3. Bb5 Bc5 4. c3 Nf6 5. d4 exd4 6. e5 Ne4 7. cxd4 Bb4+ 8. Nbd2 d5 9. O-O Nxd2 10. Bxd2 Bxd2 11. Qxd2 O-O 12. Bxc6 bxc6 13. Rac1 Bd7 14. Ne1 f6 15. Nd3 Rb8 16. Rfe1 Bf5 17. Nb4 Qd7 18. Nxc6 Rb6 19. Na5 Rfb8 20. Nb3 fxe5 21. Rxe5 Be4 22. Nc5 Qg4 23. Rg5 Qc8 24. b3 Qd8 25. Rg3 Qf6 26.
Nd7 Qf5 27. Nxb8 Rxb8 28. Rxc7 Rf8 29. Rgxg7+ Kh8 30. Rxh7+ Qxh7 31. Rxh7+ Kxh7 32. f3 Bg6 33. Qb4 Rc8 34. Qb7+ 1-0